Unix NetHack Version 5.0.0-0 post-release - last build May 10 2026 23:12:36 (d1fa5d53e341ca933230fdaa984d921c805b60aa,branch:main).

Game began 2026-05-14 00:17:31, ended 2026-05-14 00:49:17.

DaveT, lawful male human Priest

                                         -------
                                         |..|..-----
                          ----------------.........|
                          |.^^..........^..-...|...|
                          |+------------.....-.---.|
                          |.........|  --.|........|
                          |.........|   |.--..----.|
                          |.........|   |..|..`.`..|
                          |.........|   |-**..u@...|
                          |....<....|   |...|...|`.|
                          |.........|   |.-.-----..|
                          |.........|   |..........|
                          |.........|   -------->`--
                          -----------          ----

DaveT the Adept              St:14 Dx:16 Co:16 In:12 Wi:15 Ch:9  Lawful
Dlvl:6  $:616 HP:0(49) Pw:75(75) AC:2  Xp:7 T:4560 

Latest messages:
 You see here 27 rocks.
 With great effort you move the boulder.
 You see here 27 rocks.
 You see here 10 rocks.
 With great effort you move the boulder.
 The boulder suddenly rolls away from you!
 You hear a boulder fall.
 You start digging.
 This wall is too hard to dig into.
 You see here 27 rocks.
 With great effort you move the boulder.
 With great effort you move the boulder.
 With great effort you move the boulder.
 With great effort you move the boulder.
 You kill the acid blob!
 You see here 27 rocks.
 You see here 10 rocks.
 With great effort you move the boulder.
 The boulder suddenly rolls away from you!
 You hear a boulder fall.
 The horse kicks!
 The horse bites!
 You miss the horse.
 The horse kicks!
 The horse bites!
 The horse kicks!
 The horse bites!
 You hit the horse!
 The horse kicks!
 The horse bites!
 You miss the horse.
 The horse misses!
 The horse bites!
 You miss the horse.
 The horse kicks!
 The horse bites!
 The horse kicks!
 The horse bites!
 You hit the horse!
 The horse kicks!
 The horse bites!
 The horse kicks!
 The horse bites!
 Are you sure you want to pray? [yn] (n) y
 You begin praying to Mercury.
 The horse kicks!
 The horse bites!
 You die...
 Do you want your possessions identified? [ynq] (y) y
 Do you want to see your attributes? [ynq] (y) q

Inventory:
 Coins    ('$')
  $ - 616 gold pieces
 Weapons  (')')
  l - a rustproof +0 dart
  m - 14 +0 darts
  X - a blessed +1 knife
  K - a +0 dwarvish mattock (weapon in hands)
  a - a blessed +4 mace
 Armor    ('[')
  T - a +0 orcish helm (being worn)
  B - a +0 pair of gauntlets of dexterity (being worn)
  c - a blessed +0 small shield
  W - a +0 mummy wrapping
  b - a blessed +1 robe (being worn)
  o - a +1 leather armor (being worn)
 Comestibles  ('%')
  e - a clove of garlic
  I - 2 cram rations
  s - 4 food rations
  D - a fortune cookie
  E - a sprig of wolfsbane
  V - 2 lizard corpses
 Scrolls  ('?')
  M - a scroll of destroy armor
  G - a blessed scroll of earth
  F - a scroll of earth
 Potions  ('!')
  j - 2 potions of fruit juice
  Q - 2 potions of healing
  u - a potion of levitation
  L - a potion of object detection
 Rings    ('=')
  H - a blessed +2 ring of increase damage (on left hand)
 Wands    ('/')
  v - a wand of digging (0:5)
  t - a wand of fire (0:4)
  J - a wand of stasis (0:4)
  Y - a wand of striking (0:2)
 Tools    ('(')
  n - a cursed blindfold
  w - a skeleton key
  Z - a stethoscope

DaveT the Priest's attributes:

Background:
 You were an Adept, a level 7 human Priest.
 You were lawful, on a mission for Mercury
 who was opposed by Venus (neutral) and Mars (chaotic).
 You were right-handed.
 You were in Sokoban, on level 6.
 You entered the dungeon 4560 turns ago.
 It was the midnight hour.
 You had 1268 experience points, 12 more were needed to attain level 8.

Basics:
 You had 0 out of 49 hit points.
 You had all 75 energy points (spell power).
 Your armor class was 2.
 Your wallet contained 616 zorkmids.
 Autopickup was off.

Final Characteristics:
 Your strength was 14 (limit:18/100).
 Your dexterity was 16 (limit:18).
 Your constitution was 16 (limit:18).
 Your intelligence was 12 (limit:18).
 Your wisdom was 15 (limit:18).
 Your charisma was 9 (limit:18).

Final Status:
 You weren't hungry.
 You were unencumbered.
 You were wielding a mattock.
 You had no skill with pick-axe.

Final Attributes:
 You were piously aligned.
 You were poison resistant.
 You had a small damage bonus (+2).
 You were guarded.
 Your spell casting was enhanced by wearing a robe.
 You were unlucky.
 You are dead.

Miscellaneous:
 You didn't encounter any bones levels.
 Total elapsed playing time was 31 minutes and 46 seconds.

Major events:
 Turn
    1: DaveT the lawful human Priest entered the dungeon
  343: entered the Gnomish Mines
  353: attained the rank of Acolyte (level 3)
 2153: attained the rank of Adept (level 6)
 3132: entered Sokoban
 3550: completed 1st Sokoban level
 4560: killed by a horse, while praying

Spells:
 Name                 Level Category     Fail Retention
 protection             1   clerical       0%   71%-80%
 create monster         2   clerical       0%   71%-80%
 wizard lock            2   matter        53%  76%-100%
 light                  1   clerical       0%   81%-90%
 healing                1   healing        0%  76%-100%
 invisibility           4   escape        97%  76%-100%

Skills:
 Fighting Skills
   bare handed combat [Unskilled]
 Weapon Skills
   club               [Unskilled]
   mace               [Skilled]
   morning star       [Unskilled]
   flail              [Unskilled]
   hammer             [Unskilled]
   quarterstaff       [Unskilled]
   polearms           [Unskilled]
   spear              [Unskilled]
   trident            [Unskilled]
   lance              [Unskilled]
   bow                [Unskilled]
   sling              [Unskilled]
   crossbow           [Unskilled]
   dart               [Unskilled]
   shuriken           [Unskilled]
   boomerang          [Unskilled]
   unicorn horn       [Unskilled]
 Spellcasting Skills
   healing spells     [Unskilled]
   divination spells  [Unskilled]
   clerical spells    [Basic]

Voluntary challenges:
 Character rerolling was not enabled.
 You never genocided any monsters.
 You never polymorphed an object.
 You never changed form.
 You used no wishes.
 You violated the special Sokoban rules twice.
Achievements:
 You entered the Gnomish Mines.
 You attained the rank of Acolyte.
 You entered a shop.
 You attained the rank of Adept.
 You entered Sokoban.

 The Dungeons of Doom: levels 1 to 9
    Level 1:
       Some fountains.
    Level 2:
       Some fountains.
       Stairs down to The Gnomish Mines.
    Level 3:
       Some fountains.
    Level 4:
       A general store.
    Level 5:
       A fountain.
    Level 6: "vault"
    Level 7:
       Many fountains.
    Level 8: "vault door in NW"
       A scroll shop, a fountain.
       Stairs up to Sokoban, level 7.
    Level 9:
 The Gnomish Mines:
    Level 3:
 Sokoban: levels 7 up to 6
    Level 6: <- You were here.
       Unsolved.
       Final resting place for
          you, killed by a horse, while praying.
    Level 7:
       Solved.


Vanquished creatures:
  3 small mimics
  a gelatinous cube
  a tiger
  a python
  a quivering blob
  4 wolves
  3 leprechauns
  2 iron piercers
  a giant spider
 an orc mummy
 an owlbear
  2 lizards
  a dingo
  a jaguar
  a dwarf leader
  a quasit
  a rock piercer
  a fog cloud
  2 gnome leaders
  a golden naga hatchling
  a gray ooze
  a ghoul
  a straw golem
  a little dog
  a kitten
  a dwarf
  a homunculus
  a kobold shaman
  5 hill orcs
  a rothe
  a monkey
  a wererat
  2 werejackals
  2 iguanas
  2 acid blobs
  a hobgoblin
  5 giant rats
  a cave spider
  a brown mold
  a yellow mold
  a gnome
  3 geckos
 12 jackals
  2 foxes
  a goblin
  4 grid bugs
  6 lichens
  a kobold zombie
  5 newts
96 creatures vanquished.

No species were genocided or became extinct.

Game over:
                       ----------
                      /          \
                     /    REST    \
                    /      IN      \
                   /     PEACE      \
                  /                  \
                  |      DaveT       |
                  |      616 Au      |
                  |   killed by a    |
                  |      horse       |
                  |                  |
                  |                  |
                  |       2026       |
                 *|     *  *  *      | *
        _________)/\\_//(\/(/\)/\//\/|_)_______

Goodbye DaveT the Priest...

You died in Sokoban on dungeon level 6 with 6067 points,
and 616 pieces of gold, after 4560 moves.
You were level 7 with a maximum of 49 hit points when you died.

